 Dungeon Crawl Stone Soup version 0.31-a0-844-gdc52ec4e09 (webtiles) character file.

Game seed: 14366717177645690211

8648 croobank the Nimble (level 11, -1/51 HPs)
             Began as a Felid Summoner on Sept 28, 2023.
             Was an Initiate of Gozag.
             Engulfed by a steam dragon's steam (9 damage)
             ... on level 8 of the Dungeon on Sept 29, 2023.
             The game lasted 00:47:03 (11357 turns).

croobank the Nimble (Felid Summoner)               Turns: 11357, Time: 00:47:03

Health: -1/51      AC:  2    Str:  4    XL:     11   Next: 12%
Magic:  18/23      EV: 25    Int: 26    God:    Gozag
Gold:   1276       SH:  0    Dex: 18    Spells: 12/25 levels left
                                        Lives:  0   Deaths: 4

rFire   . . .        (weapon unavailable)
rCold   . . .        (shield unavailable)
rNeg    . . .        (body armour unavailable)
rPois   .            (helmet unavailable)
rElec   .            (cloak unavailable)
rCorr   .            (gloves unavailable)
SInv    +            (boots unavailable)
Will    ++...        (no amulet)
Stlth   ++           l - +6 ring of intelligence
HPRegen 0.28/turn    s - ring of willpower
MPRegen 0.18/turn

%: no passive effects
@: quick
A: very small, claws 1, fangs 3, see invisible, speed 1, shaggy fur 2, stealthy
paws, no weapons or thrown items, no armour, multi-lived
a: Renounce Religion, Potion Petition, Call Merchant, Bribe Branch


You were on level 8 of the Dungeon.
You worshipped Gozag.
Gozag was most pleased with you.
You visited 1 branch of the dungeon, and saw 8 of its levels.

You collected 1482 gold pieces.
You spent 130 gold pieces at shops.
You paid 76 gold pieces to Gozag.

Inventory:

Jewellery
 l - a +6 ring of intelligence (left paw)
 n - a ring of ice
 s - a ring of willpower (right paw)
 t - a +6 ring of dexterity
 v - a +6 ring of strength
 x - a ring of positive energy
Talismans
 b - a flux talisman
Wands
 f - a wand of polymorph (22)
 w - a wand of charming (4)
Scrolls
 d - 2 scrolls of teleportation
 j - a scroll of torment
 p - a scroll of revelation
 y - a scroll of noise {unknown}
Potions
 a - a potion of magic
 c - a potion of lignification
 e - 2 potions of attraction
 g - a potion of ambrosia
 h - a potion of might
 i - 4 potions of curing
 k - 3 potions of resistance {unknown}
 m - 2 potions of haste {unknown}
 o - a potion of mutation {unknown}
 q - 2 potions of invisibility {unknown}
 r - a potion of degeneration {unknown}
 u - a potion of enlightenment {unknown}
 z - a potion of heal wounds {unknown}


   Skills:
 + Level 7.8 Fighting
 + Level 10.6 Dodging
 - Level 2.7 Stealth
 + Level 7.5 Spellcasting
 - Level 5.0 Hexes
 + Level 9.0 Summonings
 + Level 5.6 Air Magic


You had 12 spell levels left.
You knew the following spells:

 Your Spells              Type           Power      Damage    Failure   Level
a - Summon Small Mammal   Summ           100%       N/A       1%          1
b - Call Imp              Summ           100%       N/A       1%          2
c - Call Canine Familiar  Summ           54%        N/A       1%          3
d - Summon Guardian Gole  Hex/Summ       46%        N/A       1%          3
e - Summon Lightning Spi  Summ/Air       47%        N/A       3%          4

Your spell library contained the following spells:

 Spells                   Type           Power      Damage    Failure   Level
 Sigil of Binding         Hex            35%        N/A       2%          3
 Dazzling Flash           Conj/Hex       44%        N/A       6%          3
 Volatile Blastmotes      Fire/Tloc      18%        2d11      19%         3
 Leda's Liquefaction      Hex/Erth       11%        N/A       22%         4
 Starburst                Conj/Fire      4%         6d4       100%        6
 Haunt                    Necr/Summ      16%        N/A       100%        7
 Borgnjor's Revivificati  Necr           4%         N/A       100%        8
 Infestation              Necr           4%         N/A       100%        8
 Maxwell's Capacitive Co  Air            19%        ∞         100%        8
 Death's Door             Necr           4%         N/A       100%        9
 Dimensional Bullseye     Hex/Tloc       Unusable   N/A       N/A         4
 Animate Dead             Necr           Unusable   N/A       N/A         4

Dungeon Overview and Level Annotations

Branches:
Dungeon (8/15)             Temple (0/1) D:6
   Lair: D:8-11

Altars:
Ashenzari
Dithmenos
Elyvilon
Gozag
Hepliaklqana
Ru
Vehumet
Wu Jian
Xom
Zin

Shops:
D:3 *   D:5 [

Annotations:
D:8 exclusion: statue


Innate Abilities, Weirdness & Mutations

You have sharp claws.
You have razor-sharp teeth.
You have supernaturally acute eyesight. (SInv)
You cover ground quickly. (Speed+)
You are covered in thick fur. (AC +2)
Your paws help you pounce on unaware monsters.
You are incapable of wielding weapons or throwing items.
You cannot wear armour.
You gain extra lives every three experience levels.


Message History

Your warg barely misses the vampire mosquito.
Your guardian golem is engulfed in blazing flames.
Your guardian golem disappears in a puff of smoke!
Your guardian golem explodes!
The fiery explosion engulfs the vampire mosquito!
The vampire mosquito is engulfed in blazing flames. x2
The vampire mosquito is destroyed!
Your Summonings skill increases to level 9!
You start resting.
Your warg is engulfed in blazing flames.
You start resting.
Your warg disappears in a puff of smoke!
Magic restored.
You start waiting.
Done waiting.
You now have 1254 gold pieces (gained 8).
You now have 1263 gold pieces (gained 9).
You now have 1276 gold pieces (gained 13).
The steam dragon hisses angrily.
The steam dragon breathes steam at you. The ball of steam hits you!
You are engulfed in a cloud of scalding steam.
You are engulfed in a cloud of scalding steam.
You are engulfed in a cloud of scalding steam.
Casting: Summon Guardian Golem (safe; 1% risk of failure)
Confirm with . or Enter, or press ? or * to list all spells.
A guardian golem appears, shielding your allies.
The steam dragon breathes steam at you. The ball of steam misses you.
You are engulfed in a cloud of scalding steam.
The steam dragon breathes steam at you.
The ball of steam hits your guardian golem.
Your guardian golem resists.
The ball of steam hits you!
* * * LOW HITPOINT WARNING * * *
Casting: Summon Guardian Golem (safe; 1% risk of failure)
Confirm with . or Enter, or press ? or * to list all spells.
You are engulfed in a cloud of scalding steam.
You die...
Your body crumbles into a pile of gold.

...#...##.#..####.# #.# #...#J###
............## #.# #.# ##..#..##
#............####.##..###.####..#
................#.#..##.....###..
................#...##.......###.
...................##.....##..###
.................#.#......#....#.
.................#.#.##...#.##.#.
................@#...##......#...
......[........§§#.#....#....#.#.
...............h§#.#....#..#...#.
..#.#####.#......#.##...#.##..###
..#.......#......#..##..#.#..###.
..#.#...#.#.....9##..##.....###..
..#.#8_.# #......D....###.####...
..#.#...#.#.......#...#..##.#....
..#5$§..c.#.......#§#.#.##..#...#


You could see a friendly wolf (summoned).

Vanquished Creatures
  An iguana (D:5)
  An ufetubus (D:4)
  A dart slug (D:2)
  3 bats (D:2)
  2 endoplasms (D:1)
  A giant cockroach (D:1)
  A hobgoblin (D:2)
  A ball python (D:3)
  2 frilled lizards
  8 goblins
  3 kobolds
  3 rats
27 creatures vanquished.

Vanquished Creatures (collateral kills)
  2 centaur warriors (D:8)
  A two-headed ogre (D:8)
  A cyclops (D:8)
  A slime creature (D:8)
  A hornet (D:8)
  Sigmund (D:5)
  2 yaks (D:8)
  A wyvern (D:7)
  Duvessa (D:7)
  2 water moccasins (D:5)
  2 orc warriors
  3 ice beasts
  A black bear (D:5)
  An ogre (D:4)
  2 centaurs (D:8)
  4 phantoms (D:5)
  3 kobold brigands
  2 bullfrogs (D:8)
  A scorpion (D:4)
  A water moccasin zombie (D:5)
  4 wights
  A water moccasin skeleton (D:5)
  2 killer bees (D:8)
  2 centaur zombies (D:5)
  2 hounds
  A bullfrog zombie (D:5)
  4 orc priests
  2 bullfrog skeletons (D:5)
  A sleepcap (D:8)
  2 iguanas
  2 scorpion zombies (D:5)
  5 orc wizards
  A killer bee zombie (D:5)
  A howler monkey skeleton (D:5)
  2 howler monkey zombies (D:5)
  4 adders
  8 gnolls
  4 shadow imps
  An ufetubus (D:5)
  2 adder skeletons (D:5)
  A dart slug (D:2)
  30 orcs
  A ball python (D:4)
  A bat (D:2)
  4 endoplasms
  A giant cockroach (D:2)
  9 goblins
  3 hobgoblins
  9 kobolds
  4 quokkas
  2 frilled lizards
  2 rats
151 creatures vanquished.

Vanquished Creatures (others)
  A centaur warrior (D:8)
  A cyclops (D:8)
  A gargoyle (D:8)
  Maggie (D:6)
  A vampire mosquito (D:8)
  A steam dragon (D:8)
  An ice beast (D:8)
  2 black bears
  A gnoll sergeant (D:6)
  Dowan (D:7)
  4 killer bees
  A bullfrog zombie (D:5)
  An orc wizard (D:8)
  A killer bee zombie (D:5)
  An orc (D:8)
19 creatures vanquished.

Grand Total: 197 creatures vanquished

Notes
Turn   | Place    | Note
-------+----------+-------------------------------------------
     0 | D:1      | croobank the Felid Summoner began the quest for the Orb.
     0 | D:1      | Reached XP level 1. HP: 7/7 MP: 4/4
   470 | D:1      | Found a faded altar of an unknown god.
   565 | D:2      | Reached skill level 3 in Dodging
   565 | D:2      | Reached XP level 2. HP: 12/12 MP: 4/6
   568 | D:2      | Learned a level 2 spell: Call Imp
   698 | D:2      | Reached skill level 1 in Fighting
   887 | D:2      | Reached XP level 3. HP: 14/15 MP: 2/7
   891 | D:2      | Learned a level 3 spell: Call Canine Familiar
  1976 | D:3      | Found Ematef's Assorted Antiques.
  2141 | D:3      | Found a shadowy altar of Dithmenos.
  2324 | D:3      | Reached XP level 4. HP: 19/19 MP: 2/9
  2353 | D:3      | Found a hazy altar of Hepliaklqana.
  2412 | D:3      | Found a broken altar of Ashenzari.
  2966 | D:4      | Identified the +7 whip "Piavutt" {freeze, rF- rC+++ Int-5
                  | Stlth+}
  3119 | D:4      | Noticed a scorpion
  3154 | D:4      | Killed a scorpion
  3155 | D:4      | Reached skill level 4 in Dodging
  3155 | D:4      | Reached XP level 5. HP: 22/22 MP: 2/10
  3343 | D:4      | Found an opulent altar of Gozag.
  3343 | D:4      | Found a glowing silver altar of Zin.
  3348 | D:4      | Became a worshipper of Gozag Ym Sagoz the Greedy
  3556 | D:4      | Noticed an ogre
  3573 | D:4      | Slain by an ogre
  3706 | D:4      | Reached skill level 5 in Summonings
  3774 | D:4      | Killed an ogre
  3775 | D:4      | Gained mutation: You are covered in thick fur. (AC +2)
                  | [Felid growth]
  3775 | D:4      | Reached XP level 6. HP: 27/27 MP: 3/12
  3971 | D:5      | Entered Level 5 of the Dungeon
  4112 | D:5      | Reached skill level 5 in Dodging
  4131 | D:5      | Noticed Sigmund
  4140 | D:5      | Found a white marble altar of Elyvilon.
  4671 | D:5      | Reached XP level 7. HP: 13/31 MP: 2/13
  4791 | D:4      | Learned a level 3 spell: Summon Guardian Golem
  4808 | D:5      | Killed Sigmund
  4809 | D:5      | Reached skill level 6 in Dodging
  5027 | D:5      | Learned a level 4 spell: Summon Lightning Spire
  5036 | D:5      | Reached XP level 8. HP: 36/36 MP: 10/15
  5159 | D:5      | Reached skill level 1 in Hexes
  5230 | D:5      | Reached skill level 1 in Air Magic
  5290 | D:5      | Reached skill level 7 in Dodging
  5290 | D:5      | Reached skill level 5 in Spellcasting
  5596 | D:5      | Found Weyxzuog's Antique Armour Boutique.
  5691 | D:5      | Reached skill level 5 in Fighting
  6199 | D:6      | Reached XP level 9. HP: 40/40 MP: 11/18
  6478 | D:6      | Found a staircase to the Ecumenical Temple.
  6584 | D:6      | Found a sacrificial altar of Ru.
  7000 | D:6      | Noticed Maggie
  7026 | D:6      | Killed Maggie
  7731 | D:6      | Reached skill level 8 in Dodging
  7779 | D:6      | Found an ornate altar of the Wu Jian Council.
  8301 | D:7      | Reached skill level 5 in Hexes
  8751 | D:7      | Noticed Duvessa
  8751 | D:7      | Noticed Dowan
  8766 | D:7      | Killed Duvessa
  8773 | D:7      | Killed Dowan
  9298 | D:3      | Bought a cabochon ring for 130 gold pieces
  9431 | D:8      | Found a radiant altar of Vehumet.
  9461 | D:8      | Noticed a centaur warrior
  9469 | D:8      | Identified the +9 arbalest of the Shallot {heavy, Stlth+}
  9469 | D:8      | Noticed a centaur warrior
  9471 | D:8      | Noticed a centaur warrior
  9963 | D:8      | Shot with a bolt by a centaur warrior
  9967 | D:8      | Found a shimmering altar of Xom.
  9983 | D:8      | Shot with an arrow by a centaur warrior
 10001 | D:8      | Reached skill level 9 in Dodging
 10001 | D:8      | Reached XP level 10. HP: 33/46 MP: 11/20
 10087 | D:8      | Shot with a bolt by a centaur warrior
 10160 | D:8      | Killed a centaur warrior
 10238 | D:8      | Noticed a cyclops
 10267 | D:8      | Killed a cyclops
 10534 | D:8      | Noticed a cyclops
 10544 | D:8      | HP: 1/46 [cyclops/large rock (45)]
 10558 | D:8      | Killed a cyclops
 10566 | D:8      | Noticed a two-headed ogre
 10578 | D:8      | Killed a two-headed ogre
 10579 | D:8      | Reached skill level 10 in Dodging
 10579 | D:8      | Reached skill level 5 in Air Magic
 10806 | D:8      | Noticed a gargoyle
 10808 | D:8      | Killed a centaur warrior
 10813 | D:8      | Killed a gargoyle
 10881 | D:8      | Killed a centaur warrior
 10882 | D:8      | Reached XP level 11. HP: 51/51 MP: 12/23
 11357 | D:8      | Engulfed by a steam dragon's steam

Illustrated notes

Levels and vault maps discovered:
D:1:      spicycebolla_green_bress_n_ham_2, layout_basic,
          shapermc_ecumenical_altar_petra, skrybe_limestone_x,
          chequers_mini_garden
D:2:      layout_basic
D:3:      layout_rooms, nicolae_dithmenos_shadow_blocks, jmf_multi_god_temple,
          serial_shops, shop
D:4:      layout_loops_ring, grunt_temple_overflow_gold_and_silver,
          minmay_ogre_servants
D:5:      layout_rooms, mainiacjoe_overflow_catwalk, serial_undead,
          serial_undead_b, serial_undead_a, serial_undead_e, serial_undead_e,
          serial_undead_c, serial_undead_b, serial_undead_e, serial_undead_d,
          serial_undead_d, serial_undead_e, serial_shops, kennysheep_little_box,
          uniq_sigmund
D:6:      layout_loops_corners, mainiacjoe_overflow_tiny_flanked,
          lemuel_coloured_pillars_altar, minmay_temple_entry_grid,
          hangedman_abyss_or_decor_jellyfish_corner, uniq_maggie
D:7:      layout_loops_ring, uniq_duvessa
D:8:      minmay_the_grid_octo_tiled_squarecenter
          [minmay_the_grid_octo_vomiting_pacman,
          minmay_the_grid_octo_tetromino_candy,
          minmay_the_grid_octo_fat_diamond, minmay_the_grid_octo_toaster,
          minmay_the_grid_square_5x5_megaprize_open,
          minmay_the_grid_square_5x5_slash, minmay_the_grid_square_5x5_z,
          minmay_the_grid_square_5x5_corner,
          minmay_the_grid_square_5x5_gyroscope], layout_basic,
          mainiacjoe_overflow_cross_hatched, vehumet_statue,
          minmay_misc_feat_square

Skill      XL: |  1  2  3  4  5  6  7  8  9 10 11 |
---------------+----------------------------------+-----
Dodging        | 3 4 5 6 7 9 10 | 10.6
Fighting       | 1 2 3 4 5 6 7 |  7.8
Spellcasting   | 3 4 5 6 7 |  7.5
Summonings     | 5 6 7 8 9 |  9.0
Hexes          | 4 5 |  5.0
Air Magic      | 2 4 5 |  5.6
Stealth        | |  2.7

Action                     |  1- 3 |  4- 6 |  7- 9 | 10-12 || total
---------------------------+-------+-------+-------+-------++-------
  Melee: Unarmed           |    31 |    27 |    22 |     2 ||    82
         Bite              |     5 |     4 |       |     1 ||    10
   Cast: Summon Small Mamm |    26 |    11 |    43 |     6 ||    86
         Call Imp          |    14 |    19 |    37 |     4 ||    74
         Call Canine Famil |    11 |    33 |    51 |    14 ||   109
         Summon Guardian G |       |       |    24 |    16 ||    40
         Summon Lightning  |       |       |     9 |    11 ||    20
  Evoke: Wand              |       |       |     2 |     2 ||     4
    Use: Scroll            |     5 |     3 |     5 |     1 ||    14
         Potion            |       |       |     1 |       ||     1
   Stab: Sleeping          |    10 |     1 |       |       ||    11
         Distracted        |       |     1 |       |       ||     1
 Armour: Skin              |    10 |    36 |    37 |    14 ||    97
  Dodge: Dodged            |    29 |    65 |    92 |    17 ||   203

Table legend: (Time is in decaauts)
 A = Elapsed time spent in this place.
 B = Non-inter-level travel time spent in this place.
 C = Inter-level travel time spent in this place.
 D = Time resting spent in this place.
 E = Time spent auto-exploring this place.
 F = Levels seen in this place.
 G = Mean time per level.
                   A        B        C        D        E       F      G
               +--------+--------+--------+--------+--------+-----+--------+
         Total |  10264 |   9876 |    388 |   2154 |   5132 |   8 | 1283.0 |
       Dungeon |  10264 |   9876 |    388 |   2154 |   5132 |   8 | 1283.0 |
               +--------+--------+--------+--------+--------+-----+--------+

Top non-repeatable levels by time:
     D:6: 1839 daAuts
     D:4: 1784 daAuts
     D:8: 1587 daAuts
     D:5: 1471 daAuts
     D:2: 1308 daAuts
     D:7: 1207 daAuts
     D:3: 587 daAuts
     D:1: 480 daAuts
